 Dungeon Crawl Stone Soup version 0.31-a0-344-gd109795599 (webtiles) character file.

Game seed: 4673036550287547724

193 AdnanSaban the Trooper (level 5, -3/33 HPs)
             Began as a Gargoyle Fighter on July 22, 2023.
             Slain by an ice beast (7 damage)
             ... on level 4 of the Dungeon.
             The game lasted 00:02:13 (2349 turns).

AdnanSaban the Trooper (Gargoyle Fighter)           Turns: 2349, Time: 00:02:14

Health: -3/33      AC: 17    Str: 22    XL:     5   Next: 72%
Magic:  5/5        EV:  6    Int:  8    God:
Gold:   229        SH:  4    Dex:  9    Spells: 4/4 levels left

rFire   + + .        a - +0 flail
rCold   + . .        c - +0 buckler
rNeg    + . .        k - +0 plate armour
rPois   ∞            l - +0 helmet
rElec   +            e - scarf {rC+ rF+}
rCorr   .            (no gloves)
SInv    .            (no boots)
Will    .....        (no amulet) Stlth
                     r - ring of protection from fire
HPRegen 0.25/turn    (no ring)
MPRegen 0.09/turn

%: no passive effects
@: no status effects
A: sickness immunity, AC +4, negative energy resistance 1, electricity
resistance, torment resistance 1, petrification resistance
a: no special abilities


You were on level 4 of the Dungeon.
You visited 1 branch of the dungeon, and saw 4 of its levels.

You collected 229 gold pieces.

Inventory:

Hand Weapons
 a - a +0 flail (weapon)
Missiles
 g - 3 javelins (quivered)
Armour
 c - a +0 buckler (worn)
 e - a scarf of resistance (worn)
 k - a +0 plate armour (worn)
 l - a +0 helmet (worn)
Jewellery
 r - a ring of protection from fire (left hand)
Scrolls
 b - a scroll of enchant weapon {unknown}
 f - 2 scrolls of poison {unknown}
 i - a scroll of vulnerability {unknown}
 j - a scroll of teleportation {unknown}
 n - a scroll of enchant armour {unknown}
 o - 2 scrolls of identify {unknown}
 p - a scroll of blinking {unknown}
Potions
 d - a potion of might
 h - 2 potions of haste {unknown}
 m - 5 potions of curing {unknown}
 q - a potion of heal wounds {unknown}
 s - 2 potions of enlightenment {unknown}


   Skills:
 + Level 4.2 Fighting
 + Level 3.9 Maces & Flails
 + Level 4.2 Armour
 + Level 0.7 Dodging
 + Level 4.0 Shields


You had 4 spell levels left.
You didn't know any spells.
Your spell library contained the following spells:

 Spells                   Type           Power      Damage    Failure   Level
 Freeze                   Ice            0%         1d3       100%        1
 Frozen Ramparts          Ice            0%         1d1       100%        3
 Hailstorm                Conj/Ice       0%         3d3       100%        3


Dungeon Overview and Level Annotations

Branches:
Dungeon (4/15)
 Temple: D:4-7

Altars:
Qazlal

Shops:
D:3 (

Annotations:
D:4 1 transporter, soepkip's ghost, amateur MiFi


Innate Abilities, Weirdness & Mutations

You are immune to sickness and miasma.
Your stone body is resilient. (AC +4)
You are immune to poison.
You resist negative energy. (rN+)
You are resistant to electric shocks. (rElec)
You are resistant to unholy torment.
You are immune to petrification.


Message History

You barely miss the ice beast.
The ice beast is heavily wounded.
The ice beast hits you but does no damage.
The iguana bites you. x2; You block the ice beast's attack.
You are too injured to fight recklessly!
You are too injured to fight recklessly!
You are too injured to fight recklessly!
You are too injured to fight recklessly!
You are too injured to fight recklessly!
You are too injured to fight recklessly!
You are too injured to fight recklessly!
You are too injured to fight recklessly!
You are too injured to fight recklessly!
You are too injured to fight recklessly!
You are too injured to fight recklessly!
You are too injured to fight recklessly!
You are too injured to fight recklessly!
You are too injured to fight recklessly!
You are too injured to fight recklessly!
You are too injured to fight recklessly!
The ice beast attacks as you move away! The ice beast hits you.
The ice beast freezes you. You resist.
* * * LOW HITPOINT WARNING * * *
The iguana attacks as you move away!
The iguana bites you but does no damage.
You barely miss the ice beast.
The ice beast is heavily wounded.
The ice beast hits you but does no damage.
You closely miss the ice beast.
The ice beast is heavily wounded.
The ice beast closely misses you.
You closely miss the ice beast.
The ice beast is heavily wounded.
The ice beast hits you but does no damage.
You barely miss the ice beast.
The ice beast is heavily wounded.
The ice beast hits you.
* * * LOW HITPOINT WARNING * * *
The ice beast freezes you! You resist.
You die...

.#####.### #.◎
.........# ... #
.####.##.### #.#
##.
...................
.######..# #.#.#.#
)# #..# #.....# .#
#..#####.### .#
#........Y.#
.######.#.####.#@#
.......###.....#.#
#.#####.# #####...
#.# #.# #.#.# #.#
... ....# #.# ###
.#.#.# #.# ##. #.
#.# .. . #.#


You could see an ice beast.

Vanquished Creatures
  A scorpion (D:4)
  Robin (D:2)
  4 adders
  A worm (D:3)
  A dart slug (D:3)
  8 orcs
  6 endoplasms
  3 giant cockroaches
  9 hobgoblins
  7 jackals (D:1)
  A quokka (D:2)
  3 ball pythons
  5 bats
  A frilled lizard (D:3)
  14 goblins
  4 kobolds
  4 rats
73 creatures vanquished.

Notes
Turn   | Place    | Note
-------+----------+-------------------------------------------
     0 | D:1      | AdnanSaban the Gargoyle Fighter began the quest for the
                  | Orb.
     0 | D:1      | Reached XP level 1. HP: 14/14 MP: 1/1
    30 | D:1      | Reached XP level 2. HP: 15/19 MP: 2/2
   258 | D:1      | Reached XP level 3. HP: 23/23 MP: 3/3
   717 | D:2      | Noticed Robin
   768 | D:2      | Killed Robin
   883 | D:2      | Found a stormy altar of Qazlal.
   978 | D:2      | Reached XP level 4. HP: 29/29 MP: 4/4
  1666 | D:3      | Found Kustog's Antique Weapon Shoppe.
  1676 | D:3      | Found a faded altar of an unknown god.
  1940 | D:3      | Reached XP level 5. HP: 33/33 MP: 5/5
  2271 | D:4      | Noticed soepkip's ghost (amateur MiFi)
  2272 | D:4      | Found a transporter.
  2336 | D:4      | Noticed an ice beast
  2349 | D:4      | Slain by an ice beast

Illustrated notes

Levels and vault maps discovered:
D:1:      beargit_arrival_greenhouse, layout_rooms, bh_walls_and_bars
D:2:      layout_basic, basic_altar, uniq_robin
D:3:      layout_basic, basic_ecumenical_altar, serial_shops,
          nicolae_shop_waterfront
D:4:      layout_loops_ring, gammafunk_ghost_stat_death, serial_shops,
          nicolae_shop_peninsula

Skill      XL: |  1  2  3  4  5 |
---------------+----------------+-----
Maces & Flails | 3 |  3.9
Fighting       | 4 |  4.2
Armour         | 4 |  4.2
Shields        | 4 |  4.0
Dodging        | |  0.7

Action                     |  1- 3 |  4- 6 || total
---------------------------+-------+-------++-------
  Melee: Flail             |   136 |   121 ||   257
 Armour: Scale mail        |    77 |       ||    77
         Plate armour      |    68 |    84 ||   152
  Dodge: Dodged            |    84 |    43 ||   127
  Block: Buckler           |    45 |    28 ||    73

Table legend: (Time is in decaauts)
 A = Elapsed time spent in this place.
 B = Non-inter-level travel time spent in this place.
 C = Inter-level travel time spent in this place.
 D = Time resting spent in this place.
 E = Time spent auto-exploring this place.
 F = Levels seen in this place.
 G = Mean time per level.
                   A        B        C        D        E       F      G
               +--------+--------+--------+--------+--------+-----+--------+
         Total |   2423 |   2355 |     68 |      0 |   1797 |   4 |  605.8 |
       Dungeon |   2423 |   2355 |     68 |      0 |   1797 |   4 |  605.8 |
               +--------+--------+--------+--------+--------+-----+--------+

Top non-repeatable levels by time:
     D:2: 989 daAuts
     D:3: 674 daAuts
     D:1: 596 daAuts
     D:4: 162 daAuts
